[Event "Early-Titled-Tuesday-Blitz-January-30-2024"]
[Site "Chess.com"]
[Date "2024.01.30"]
[Round "5"]
[White "Snegokhod"]
[Black "ValentinDragnev"]
[Result "1-0"]
[WhiteElo "2582"]
[BlackElo "2773"]
[TimeControl "180+1"]
[EndTime "8:57:53 PST"]
[Termination "Snegokhod won on time"]

1. b3 Nf6 2. g3 g6 3. Bb2 Bg7 4. Bg2 O-O 5. e3 c5 6. Ne2 Nc6 7. O-O d5 8. d3 e5 9. Nd2 Be6 10. Nf3 Nd7 11. Nd2 f5 12. a3 Qe7 13. c4 d4 14.
exd4 cxd4 15. b4 Rae8 16. Re1 Qd6 17. c5 Qc7 18. Qc2 Nf6 19. Nc4 Bxc4 20. Qxc4+ Kh8 21. b5 Na5 22. Qb4 b6 23. Rac1 Rc8 24. cxb6 Qxb6 25.
Nxd4 Rxc1 26. Rxc1 exd4 27. Bxd4 Qd8 28. Bxa7 Ng4 29.
h3 Ne5 30. Rd1 f4 31. gxf4 Nf7 32. Be3 Nd6 33. b6 Nab7 34. a4 Qd7 35. a5 Ra8 36.
Rc1 Rxa5 37. Rc7 Ra1+ 38. Kh2 1-0

[Event "Early-Titled-Tuesday-Blitz-January-30-2024"]
[Site "Chess.com"]
[Date "2024.01.30"]
[Round "5"]
[White "Sebastian"]
[Black "BocharovD"]
[Result "1-0"]
[WhiteElo "2973"]
[BlackElo "2849"]
[TimeControl "180+1"]
[EndTime "8:57:54 PST"]
[Termination "Sebastian won on time"]

1. e4 c5 2. Nf3 Nc6 3. d4 cxd4 4. Nxd4 Nf6 5. Nc3 e5 6. Ndb5 d6 7. Bg5 a6 8. Na3 b5 9. Nd5 Be7 10. Bxf6 Bxf6 11. c3 O-O 12. Nc2 Rb8 13. h4 g6 14. g3 Bg7 15. h5 Bb7 16. Nce3 Ne7 17. Bh3 Nxd5 18. Nxd5 Qg5 19. hxg6 hxg6 20. Qd3 f5 21.
Rd1 Rbd8 22. a4 Bc6 23. axb5 axb5 24. c4 b4 25. Bg2 Rf7 26. Nxb4 Bb7 27. c5 Bxe4 28.
Bxe4 fxe4 29. Qxe4 dxc5 30. Rxd8+ Qxd8 31. Nd3 Qd4 32. Rh4 Qd8 33. Qxg6 c4 34. Rxc4 Qa5+ 35. Kf1 Qa8 36.
Qe4 Qa6 37. Rc6 1-0

[Event "Early-Titled-Tuesday-Blitz-January-30-2024"]
[Site "Chess.com"]
[Date "2024.01.30"]
[Round "5"]
[White "wannabe2700"]
[Black "EsmeraldasAnderson03"]
[Result "1-0"]
[WhiteElo "2618"]
[BlackElo "2413"]
[TimeControl "180+1"]
[EndTime "8:57:54 PST"]
[Termination "wannabe2700 won by resignation"]

1. b3 d5 2. Bb2 Bf5 3. Nf3 Nf6 4.
g3 e6 5. Bg2 h6 6. O-O Be7 7.
d3 O-O 8. Nbd2 Bh7 9. Re1 c5 10. e4 Nc6 11. e5 Nd7 12. h4 b5 13. Qe2 Nb4 14. Nf1 c4 15. Red1 Rc8 16. Nd4 Qb6 17. dxc4 bxc4 18. a3 c3 19. Bc1 Nc6 20. Be3 Bc5 21.
Nxc6 Rxc6 22. b4 Bxe3 23. Nxe3 a5 24. Nxd5 exd5 25. Rxd5 Qc7 26. Rad1 Nb6 27. Rxa5 Re6 28. f4 Qc4 29. Qf2 Qa2 30. f5 Nc4 31. Bd5 Rd8 32.
fxe6 Qxc2 33. Qxc2 Bxc2 34. e7 Re8 35. Rc1 Nxa5 36.
bxa5 Bd3 37. Rxc3 Rxe7 38. Rxd3 Rxe5 39. a6 g5 40. a7 Re1+ 41. Kf2 Ra1 42. a8=Q+ 1-0

[Event "Early-Titled-Tuesday-Blitz-January-30-2024"]
[Site "Chess.com"]
[Date "2024.01.30"]
[Round "5"]
[White "Matols"]
[Black "Grossboss19"]
[Result "0-1"]
[WhiteElo "2386"]
[BlackElo "2601"]
[TimeControl "180+1"]
[EndTime "8:57:55 PST"]
[Termination "Grossboss19 won by resignation"]

1. d4 Nf6 2. c4 e6 3. g3 b6 4. Bg2 d5 5. cxd5 exd5 6. Nc3 Bb7 7.
Nf3 Be7 8. Qa4+ c6 9. Ne5 O-O 10. O-O Nfd7 11. Nd3 b5 12. Qc2 Nb6 13. e4 b4 14. Ne2 N8d7 15. e5 Rc8 16. Be3 Nc4 17. Ndf4 Ndb6 18. b3 Nxe3 19. fxe3 c5 20. Qf5 g6 21.
Qg4 Rc7 22. Nh5 Bc8 23. Qf3 gxh5 24. Qxh5 Rc6 25. Nf4 Kg7 26. e4 Rh6 27. Qd1 dxe4 28. d5 Bg5 29. Bxe4 Bxf4 30. Rxf4 Qe7 31. e6 fxe6 32.
d6 Qd8 33. Qg4+ Kh8 34. Rxf8+ Qxf8 35. Rd1 Bd7 36. Qg5 Qf6 37. Qg4 Qe5 38. Kg2 Rf6 39.
Rf1 Qb2+ 40. Kh3 Rxf1 41. Qh5 Qg7 0-1

[Event "Early-Titled-Tuesday-Blitz-January-30-2024"]
[Site "Chess.com"]
[Date "2024.01.30"]
[Round "5"]
[White "Sina_Movahed"]
[Black "chito89"]
[Result "1-0"]
[WhiteElo "3043"]
[BlackElo "2901"]
[TimeControl "180+1"]
[EndTime "8:57:56 PST"]
[Termination "Sina_Movahed won by resignation"]

1. e4 Nc6 2. d4 d6 3. Nf3 Nf6 4.
Bd3 g6 5. O-O Bg7 6. c3 O-O 7.
h3 e5 8. Re1 h6 9. Nbd2 exd4 10. cxd4 Re8 11. a3 Nh5 12. Nb3 a5 13. Be3 Bd7 14.
Rc1 Nf6 15. Nbd2 a4 16. Rc3 Na5 17. Qc2 Re7 18. Rc1 Be8 19. Rxc7 Rxc7 20. Qxc7 Qxc7 21.
Rxc7 Bc6 22. d5 Ne8 23. dxc6 Nxc7 24. Bb6 Nxc6 25. Bxc7 Bxb2 26. Nc4 Bc1 27. Nb6 Re8 28.
Nxa4 Bxa3 29. Nc3 Ne5 30. Nxe5 dxe5 31. Nd5 Kg7 32. Bb5 Re6 33. Bd7 Ra6 34. Bxe5+ f6 35. Bd4 Bf8 36. g4 Kf7 37. Bb5 Ra5 38. Bc4 b5 39.
Be2 f5 40. gxf5 gxf5 41. exf5 b4 42. Bc4 Ke8 43. f6 Ra4 44. Bb5+ 1-0

[Event "Early-Titled-Tuesday-Blitz-January-30-2024"]
[Site "Chess.com"]
[Date "2024.01.30"]
[Round "5"]
[White "GMT4114"]
[Black "SabinaFoisor"]
[Result "0-1"]
[WhiteElo "1936"]
[BlackElo "2387"]
[TimeControl "180+1"]
[EndTime "8:57:56 PST"]
[Termination "SabinaFoisor won on time"]

1. e4 c6 2. d4 d5 3. e5 Bf5 4. h4 h6 5. g4 Bh7 6. e6 fxe6 7. Bd3 Nf6 8. Bxh7 Rxh7 9. Qd3 c5 10. Qg6+ Kd7 11. Nf3 Nc6 12. Ne5+ Nxe5 13. dxe5 Qe8 14. Qd3 c4 15. Qd4 Qg6 16. exf6 Qxc2 17. O-O exf6 18. Na3 Bxa3 19. bxa3 h5 20. g5 Qf5 21. Be3 Qg4+ 22.
Kh2 Qxd4 23. Bxd4 e5 24. Bc5 b6 25. Bb4 fxg5 26. hxg5 g6 27. Rfe1 Re8 28. Rad1 Kc6 29. a4 Rf7 30. Kg2 Rf5 31. Bd2 d4 32. Rc1 Kd5 33.
Rc2 c3 34. Bc1 Kc4 35. Re4 Kd5 36. f3 Ref8 37. Rf2 d3 38. Ba3 d2 39. Rf1 c2 0-1

[Event "Early-Titled-Tuesday-Blitz-January-30-2024"]
[Site "Chess.com"]
[Date "2024.01.30"]
[Round "5"]
[White "Mackster23"]
[Black "MatthewG-p4p"]
[Result "0-1"]
[WhiteElo "2672"]
[BlackElo "2870"]
[TimeControl "180+1"]
[EndTime "8:57:57 PST"]
[Termination "MatthewG-p4p won by checkmate"]

1. e4 e6 2. d4 d5 3. Nc3 Bb4 4. e5 Ne7 5. a3 Bxc3+ 6. bxc3 c5 7. Qg4 cxd4 8. Bd3 Qa5 9. Ne2 O-O 10. Bh6 Ng6 11.
h4 Nd7 12. f4 f5 13. Qg3 Rf7 14. h5 Ngf8 15. O-O dxc3 16. Rfb1 a6 17. Bg5 Nc5 18.
h6 Bd7 19. hxg7 Rxg7 20. Qe3 Rc8 21. Bf6 Rg4 22. g3 Ng6 23. Kf2 Nxd3+ 24. Qxd3 Bb5 25. Qe3 Qa4 26. Nd4 Qc4 27. Rb4 Qc5 28. Re1 h5 29. Nxe6 Qxe3+ 30. Rxe3 h4 31. gxh4 Nxh4 32. Rh3 Rg2+ 33. Ke3 Re2+ 34. Kd4 Rd2+ 35. Ke3 Ng2+ 36. Kf3 Ne1+ 37. Kg3 Rg2+ 38. Kh4 Kf7 39. Ng5+ Kg6 40. Rd4 Rg4# 0-1

[Event "Early-Titled-Tuesday-Blitz-January-30-2024"]
[Site "Chess.com"]
[Date "2024.01.30"]
[Round "5"]
[White "MaxLeto"]
[Black "sergeikim"]
[Result "0-1"]
[WhiteElo "2372"]
[BlackElo "2595"]
[TimeControl "180+1"]
[EndTime "8:57:58 PST"]
[Termination "sergeikim won on time"]

1. g4 d5 2. Bg2 c6 3. h3 e5 4. d4 Nd7 5. c4 dxc4 6. Nc3 exd4 7. Qxd4 Nb6 8. Qxd8+ Kxd8 9. Bf4 Be6 10. O-O-O+ Ke8 11. Nf3 Nf6 12. Ng5 Nfd5 13. Bd2 Be7 14. Nxe6 fxe6 15. Ne4 Rf8 16. e3 Nd7 17. f4 Nc5 18. Nxc5 Bxc5 19. Rhe1 Rd8 20. a3 Rd7 21. Kc2 h6 22. h4 Ke7 23. g5 Rfd8 24. Bxd5 cxd5 25. gxh6 gxh6 26. Bc3 Kd6 27. Be5+ Kc6 28. Kd2 Rg8 29.
Rg1 Rdd8 30. Ke2 b5 31. Kf3 a5 32. h5 b4 33. axb4 axb4 34. Rg6 Rxg6 35. hxg6 Rg8 36. g7 Bd6 37. Bd4 Be7 38. Rh1 Kd7 39. Rxh6 Ke8 40. Rxe6 Kf7 41. Rb6 Rc8 42. f5 c3 43. bxc3 bxc3 44.
f6 c2 45. Bb2 d4 0-1

[Event "Early-Titled-Tuesday-Blitz-January-30-2024"]
[Site "Chess.com"]
[Date "2024.01.30"]
[Round "5"]
[White "ukchessbomber"]
[Black "LiadCuba"]
[Result "1-0"]
[WhiteElo "2632"]
[BlackElo "2443"]
[TimeControl "180+1"]
[EndTime "8:57:59 PST"]
[Termination "ukchessbomber won by checkmate"]

1. h3 d5 2. Nf3 Nf6 3. b3 c5 4.
Bb2 e6 5. e3 a6 6. d4 Nc6 7.
dxc5 Bxc5 8. Be2 O-O 9. O-O Qe7 10. a3 b5 11. Nbd2 Bb7 12. c4 dxc4 13. bxc4 b4 14. Nb3 Rfd8 15. Qc1 Ne4 16. Nxc5 Nxc5 17. axb4 Nd3 18.
Bxd3 Rxd3 19. b5 Nb4 20. Ne5 Rb3 21. Ra3 Qg5 22. e4 Qxc1 23. Bxc1 Rxa3 24. Bxa3 Nc2 25. Bd6 axb5 26. cxb5 Bxe4 27. b6 f6 28. Nc4 Nd4 29. Rd1 Ne2+ 30. Kf1 Nc3 31. Rc1 Bd3+ 32. Ke1 Bxc4 33.
b7 Rd8 34. Rxc3 Bd5 35. b8=Q Rxb8 36. Bxb8 Kf7 37. g4 Kg6 38. f4 h5 39. Kf2 Be4 40.
Kg3 hxg4 41. hxg4 Bd5 42. Rc7 Ba2 43. Re7 Bb3 44. Bd6 Bc4 45. Rc7 Kh6 46. Bf8 Bd5 47.
Rxg7 e5 48. Rd7+ Kg6 49. f5+ Kg5 50. Rh7 Bf7 51. Bh6# 1-0

[Event "Early-Titled-Tuesday-Blitz-January-30-2024"]
[Site "Chess.com"]
[Date "2024.01.30"]
[Round "5"]
[White "szefru"]
[Black "GiorgianBarbosa"]
[Result "0-1"]
[WhiteElo "2269"]
[BlackElo "2485"]
[TimeControl "180+1"]
[EndTime "8:57:59 PST"]
[Termination "GiorgianBarbosa won by resignation"]

1. e4 c5 2. Nf3 g6 3. d4 cxd4 4. Nxd4 Bg7 5. c4 Nc6 6. Be3 Nf6 7. f3 O-O 8. Be2 Nxd4 9. Bxd4 d6 10. O-O Bd7 11. Nc3 Bc6 12. Rb1 a5 13. b3 Nd7 14. Bxg7 Kxg7 15. f4 Qb6+ 16. Kh1 h5 17. Rf3 Nf6 18. Nd5 Bxd5 19. exd5 Ne4 20. Qe1 Nf6 21.
f5 g5 22. Rg3 g4 23. Qd2 Ne4 24. Qe3 Nxg3+ 25. Qxg3 Qd4 26. Qh4 Rh8 27. Qg5+ Kf8 28.
Rf1 Qf6 29. Qe3 a4 30. b4 Qe5 31. Qd3 b6 32. Bd1 a3 33. Bb3 Rc8 34. c5 bxc5 35. Qa6 Re8 36. bxc5 dxc5 37. f6 exf6 38. Rxf6 Qxf6 39.
Qxf6 Re1+ 0-1

[Event "Early-Titled-Tuesday-Blitz-January-30-2024"]
[Site "Chess.com"]
[Date "2024.01.30"]
[Round "5"]
[White "Agibileg"]
[Black "themind1hunter"]
[Result "1-0"]
[WhiteElo "2761"]
[BlackElo "2538"]
[TimeControl "180+1"]
[EndTime "8:58:00 PST"]
[Termination "Agibileg won on time"]

1. d4 d5 2. c4 c6 3. Nf3 Nf6 4.
Nc3 dxc4 5. g3 g6 6. Bg2 Bg7 7. O-O O-O 8. Ne5 Ng4 9. Bf4 Nxe5 10. Bxe5 Bxe5 11. dxe5 Qxd1 12. Rfxd1 Nd7 13. e6 Nb6 14.
exf7+ Kg7 15. Ne4 Bg4 16. Rd2 Rad8 17. Rad1 Rxd2 18. Rxd2 Kxf7 19. Nc5 Bc8 20. h3 e5 21.
g4 Ke7 22. a4 a5 23. Kf1 Rd8 24. Ke1 h6 25. Rxd8 Kxd8 26. Kd2 Ke7 27. Kc3 h5 28.
gxh5 gxh5 29. h4 Kf6 30. Bf3 Kg6 31. e3 Kh6 32. Bd1 Kg6 33. Ne4 Bg4 34. f3 Bc8 35.
Nd6 Nd5+ 36. Kd2 Be6 37. Nxb7 Nb6 38. Nxa5 e4 39. fxe4 Nd7 40. Nxc6 Nc5 41. Kc3 Nxe4+ 42. Kd4 Nf2 43. Bc2+ Kf6 44. a5 Bd7 45. Nb4 Bb5 46.
a6 Bxa6 47. Nxa6 1-0

[Event "Early-Titled-Tuesday-Blitz-January-30-2024"]
[Site "Chess.com"]
[Date "2024.01.30"]
[Round "5"]
[White "Pastore1978"]
[Black "FLYD"]
[Result "1/2-1/2"]
[WhiteElo "2280"]
[BlackElo "2046"]
[TimeControl "180+1"]
[EndTime "8:58:00 PST"]
[Termination "Game drawn by repetition"]

1. e4 c6 2. d4 d5 3. exd5 cxd5 4. Bd3 Nc6 5. c3 Nf6 6. Bf4 g6 7. Nf3 Bf5 8. Ne5 Bg7 9. Bxf5 gxf5 10. O-O e6 11. Nd2 O-O 12. Qf3 Ne4 13. Rae1 Nxe5 14.
dxe5 Kh8 15. Qd3 Qh4 16. Bg3 Qg5 17. Nf3 Qh6 18. Qe3 Qg6 19. Bf4 h5 20. Nh4 Qh7 21.
Qf3 Rg8 22. Qh3 Bh6 23. Qe3 Bxf4 24. Qxf4 Rg4 25. Qc1 Rxh4 26. f3 Nc5 27. Qg5 Rc4 28. f4 Ne4 29. Qe7 Rcc8 30. Re3 Rg8 31. Rh3 Qg6 32. g3 Qg4 33. Rh4 Qg6 34. Kh1 Rg7 35.
Qxb7 Rag8 36. Qxa7 Nxg3+ 37. hxg3 Qxg3 38. Rxh5+ Rh7 39. Rxh7+ Kxh7 40. Qxf7+ Rg7 41. Qh5+ Kg8 42. Qe8+ Kh7 43. Qh5+ Kg8 44. Qe8+ Kh7 45. Qh5+ 1/2-1/2

[Event "Early-Titled-Tuesday-Blitz-January-30-2024"]
[Site "Chess.com"]
[Date "2024.01.30"]
[Round "5"]
[White "Lion-Al-Messi"]
[Black "Me_ch_an"]
[Result "0-1"]
[WhiteElo "2555"]
[BlackElo "2345"]
[TimeControl "180+1"]
[EndTime "8:58:02 PST"]
[Termination "Me_ch_an won by resignation"]

1. e4 c5 2. Nf3 Nc6 3. d4 cxd4 4.
Nxd4 Qb6 5. Nb3 Nf6 6. Nc3 e6 7. Be3 Qc7 8. f3 a6 9. Qd2 b5 10. g4 d6 11. O-O-O Be7 12. h4 Bb7 13. h5 Rc8 14. g5 Nd7 15. Be2 Nce5 16. Kb1 Nb6 17. Bxb6 Qxb6 18. f4 Nc4 19. Bxc4 Rxc4 20. g6 f5 21. Nd4 Bf6 22. e5 dxe5 23. Nxf5 O-O 24. gxh7+ Kh8 25. Nd6 Rd4 26. Qe2 Qxd6 27. Rhg1 b4 28. Na4 exf4 29. h6 Rxd1+ 30. Rxd1 Qe5 31. hxg7+ Bxg7 32. Qf2 Bd5 33. c4 Qe4+ 34. Ka1 Qxc4 35.
Kb1 Qxa2+ 36. Kc1 Qa1+ 37. Kd2 Qxa4 38. Rg1 Qd7 39. Ke1 Bb3 40. Qc5 Qd1+ 41. Kf2 Bd4+ 42.
Kg2 Bxc5 43. Rxd1 Bxd1 0-1

[Event "Early-Titled-Tuesday-Blitz-January-30-2024"]
[Site "Chess.com"]
[Date "2024.01.30"]
[Round "5"]
[White "Witik"]
[Black "SergioMoralesG"]
[Result "1-0"]
[WhiteElo "2668"]
[BlackElo "2442"]
[TimeControl "180+1"]
[EndTime "8:58:03 PST"]
[Termination "Witik won on time"]

1. d4 d5 2. c4 c6 3. Nf3 Nf6 4.
Qc2 dxc4 5. Qxc4 g6 6. g3 Bg7 7. Bg2 O-O 8. O-O Nbd7 9. e3 Re8 10.
Rd1 Qc7 11. Nc3 e5 12. dxe5 Nxe5 13. Nxe5 Qxe5 14. e4 Be6 15. Qb4 Qc7 16. Bf4 Qb6 17. Qxb6 axb6 18. a4 Nd7 19. Be3 Nc5 20. Ra3 Red8 21.
Rxd8+ Rxd8 22. h3 Bd4 23. Bxd4 Rxd4 24. e5 Rb4 25. a5 b5 26. Nd1 Bb3 27. Ne3 Ba4 28. Ng4 Rxb2 29. Rc3 Ne6 30. Rd3 h5 31. Nf6+ Kg7 32. Rd7 b4 33. Rxb7 c5 34. Rb8 Nf8 35. a6 Ra2 36. a7 Nd7 37. Rg8+ Kh6 38. Rh8+ 1-0

[Event "Early-Titled-Tuesday-Blitz-January-30-2024"]
[Site "Chess.com"]
[Date "2024.01.30"]
[Round "5"]
[White "GAO"]
[Black "nikitadovbnya2008"]
[Result "0-1"]
[WhiteElo "2397"]
[BlackElo "2197"]
[TimeControl "180+1"]
[EndTime "8:58:04 PST"]
[Termination "nikitadovbnya2008 won by checkmate"]

1. Nf3 Nf6 2. b3 d5 3. Bb2 Bf5 4. g3 e6 5. Bg2 Be7 6. O-O O-O 7. d3 h6 8. Nbd2 c6 9. c4 Nbd7 10. a3 a5 11. Ra2 Re8 12. Qa1 Bh7 13. Ne5 Bf8 14. Rd1 Nxe5 15. Bxe5 Ng4 16. Bc3 Qb6 17. Rf1 e5 18. cxd5 Bc5 19. Qe1 cxd5 20. Bxd5 Rad8 21. Bf3 f5 22. Nc4 Qc7 23. Bxa5 b6 24. Bc3 Nxf2 25. Rxf2 e4 26. dxe4 fxe4 27. Bg4 Rf8 28. e3 b5 29. Ne5 Rxf2 30. Rxf2 Re8 31. Qa1 Qb6 32. Bd4 Rxe5 33. Bxe5 Bxe3 34. Kg2 Bxf2 35. Qf1 Qc6 36. Qxf2 e3+ 37.
Qf3 Be4 38. Kh3 Bxf3 39. Bf5 Bg2+ 40. Kg4 Qf3+ 41. Kh4 g5# 0-1

[Event "Early-Titled-Tuesday-Blitz-January-30-2024"]
[Site "Chess.com"]
[Date "2024.01.30"]
[Round "5"]
[White "PawnEatingZombie"]
[Black "Arlo2024"]
[Result "1-0"]
[WhiteElo "2161"]
[BlackElo "2280"]
[TimeControl "180+1"]
[EndTime "8:58:04 PST"]
[Termination "PawnEatingZombie won by resignation"]

1. e4 e6 2. d4 d5 3. exd5 exd5 4. Bf4 Bd6 5. Qd2 Nc6 6. Nc3 Nf6 7. f3 O-O 8. O-O-O Na5 9. g4 c6 10. h4 b5 11. Nh3 Nc4 12. Bxc4 dxc4 13. Bxd6 Qxd6 14. Qf4 Qxf4+ 15. Nxf4 b4 16. Na4 Nd5 17. Nxd5 cxd5 18. Rde1 h5 19. gxh5 Bf5 20. Re5 Be6 21. Nc5 Rad8 22. Rg1 Kh7 23. Rxe6 fxe6 24. Nxe6 Rde8 25.
Nxf8+ Rxf8 26. Rg5 Rxf3 27. Rxd5 Rf4 28. c3 bxc3 29.
bxc3 Rxh4 30. Kb2 Kh6 31. Rc5 Rxh5 32. Rxc4 g5 33. d5 g4 34. Rxg4 Rxd5 35. Kb3 Kh5 36. Rg1 Rb5+ 37. Kc2 Ra5 38. Kb2 Rb5+ 39. Kc2 Rg5 40.
Rxg5+ Kxg5 41. Kd3 Kf5 42. Kc4 Ke6 43. Kb5 Kd7 44.
Ka6 Kc6 45. Kxa7 Kc5 46. a4 Kc4 47. a5 Kxc3 48. a6 Kb4 49. Kb7 Kb5 50. a7 Kc5 51.
a8=Q 1-0

[Event "Early-Titled-Tuesday-Blitz-January-30-2024"]
[Site "Chess.com"]
[Date "2024.01.30"]
[Round "5"]
[White "Sethu0025"]
[Black "YurasovMat-2012"]
[Result "1-0"]
[WhiteElo "2859"]
[BlackElo "2613"]
[TimeControl "180+1"]
[EndTime "8:58:05 PST"]
[Termination "Sethu0025 won on time"]

1. d4 d5 2. c4 c6 3. Nf3 Nf6 4. e3 Bf5 5. Nc3 e6 6. Nh4 Be4 7. Qb3 Qc7 8. f3 Bg6 9. Bd2 Nbd7 10.
O-O-O Be7 11. Nxg6 hxg6 12. cxd5 exd5 13. g3 b5 14. Kb1 a5 15. Qc2 O-O-O 16. Rc1 b4 17. Nb5 Qb7 18. Qxc6+ Qxc6 19. Na7+ Kb7 20. Nxc6 Rde8 21.
Nxa5+ Kb6 22. Nc6 Bd6 23. Bd3 g5 24. Nxb4 Bxb4 25. Bxb4 Rxe3 26. Rc3 Ka7 27. Bb5 Rxc3 28. Bxc3 Kb6 29. a4 Nb8 30. Be2 Nc6 31. b4 Re8 32.
a5+ Kb7 33. Re1 Rh8 34. b5 Na7 35. Bd3 Rxh2 36. Re7+ Kb8 37. a6 Nc8 38. Rb7+ Ka8 39. Rxf7 Rf2 40. Rc7 Kb8 41. Rb7+ Ka8 42. Rc7 Kb8 43. Ba5 Rxf3 44. Kc2 Ne4 45. b6 Rf2+ 46. Kc1 Ned6 47. a7+ Ka8 48. Ba6 1-0

[Event "Early-Titled-Tuesday-Blitz-January-30-2024"]
[Site "Chess.com"]
[Date "2024.01.30"]
[Round "5"]
[White "alvarorodriguezavila"]
[Black "blitis"]
[Result "0-1"]
[WhiteElo "2351"]
[BlackElo "2602"]
[TimeControl "180+1"]
[EndTime "8:58:05 PST"]
[Termination "blitis won by resignation"]

1. e4 c5 2. d4 cxd4 3. c3 g6 4.
cxd4 d5 5. e5 Nc6 6. Bb5 Nh6 7.
h3 Nf5 8. Bxc6+ bxc6 9. Nf3 Ba6 10. Nc3 h5 11. e6 f6 12. Qa4 Qc8 13. Nxd5 Qxe6+ 14. Ne3 Bb5 15. Qc2 Bh6 16. Bd2 Bxe3 17. fxe3 Nxe3 18.
Qxg6+ Kd8 19. Kf2 Rg8 20. Qxg8+ Qxg8 21. Bxe3 Kd7 22. Rhd1 Qd5 23. a4 Ba6 24. Rac1 Rg8 25. Rc5 Qb3 26. Rd2 Qxa4 27. d5 cxd5 28. Rcxd5+ Ke6 29. Rd7 Qc4 30. Kg1 Qf1+ 31. Kh2 Rxg2+ 32. Rxg2 Kxd7 33.
Nd4 Bb7 34. Rd2 Qh1+ 35. Kg3 Ke8 36. Ne6 Qe4 37. Nc7+ Kf7 38. Bc5 Qf3+ 39. Kh2 Qf4+ 0-1

[Event "Early-Titled-Tuesday-Blitz-January-30-2024"]
[Site "Chess.com"]
[Date "2024.01.30"]
[Round "5"]
[White "emeli_chess"]
[Black "LaPiToB"]
[Result "1-0"]
[WhiteElo "2479"]
[BlackElo "2284"]
[TimeControl "180+1"]
[EndTime "8:58:05 PST"]
[Termination "emeli_chess won by resignation"]

1. d4 Nf6 2. c4 e6 3. Nc3 Bb4 4. Qc2 O-O 5. a3 Bxc3+ 6. Qxc3 Ne4 7. Qc2 d5 8. Nf3 c5 9. dxc5 Nxc5 10. e3 Nc6 11. b4 Ne4 12. Bb2 Nf6 13. g4 dxc4 14. Bxc4 Qe7 15. g5 Nd5 16. Rg1 Bd7 17. Bxd5 exd5 18.
Qc3 d4 19. Nxd4 Ne5 20. Nc6 Bxc6 21. Qxe5 Qxe5 22. Bxe5 Rfe8 23. Bd4 a6 24. Rc1 Rad8 25. Kd2 Rd5 26. Rc5 Rd7 27. h4 Red8 28. h5 Re8 29. h6 g6 30. Rgc1 Red8 31. Ke2 Re8 32. Kf1 Re4 33. Bf6 Rd2 34. R5c2 Rd7 35. Rxc6 bxc6 36. Rxc6 Re8 37. Rxa6 Rd2 38. Rb6 Ra8 39. a4 Rc8 40. a5 Kf8 41. a6 Ke8 42. a7 Ra2 43. Rb7 Ra8 44. Bd4 Ra6 45. b5 Ra2 46. b6 1-0

[Event "Early-Titled-Tuesday-Blitz-January-30-2024"]
[Site "Chess.com"]
[Date "2024.01.30"]
[Round "5"]
[White "PepeCuenca"]
[Black "LastHeroJr"]
[Result "1-0"]
[WhiteElo "2671"]
[BlackElo "2468"]
[TimeControl "180+1"]
[EndTime "8:58:06 PST"]
[Termination "PepeCuenca won by resignation"]

1. d4 Nf6 2. c4 c6 3. Nf3 d5 4. e3 Bf5 5. Nc3 e6 6. Bd3 Bxd3 7. Qxd3 Nbd7 8. O-O Bd6 9. e4 dxe4 10. Nxe4 Nxe4 11.
Qxe4 O-O 12. Rd1 h6 13. h3 Re8 14. Qc2 Qc7 15. Be3 Rad8 16. Rac1 Bf4 17. Qe4 Bxe3 18. Qxe3 Nf6 19. Ne5 Nd7 20. Nf3 c5 21. b3 cxd4 22. Nxd4 a6 23. Rd2 Nf6 24. Rcd1 Rd7 25. Nf3 Red8 26.
Rxd7 Rxd7 27. Rxd7 Qxd7 28. Qd4 Qxd4 29. Nxd4 Kf8 30. Kf1 Ke7 31. Ke2 Kd6 32. Kd3 Nd7 33. b4 g6 34. Nc2 Ne5+ 35. Kd4 Nc6+ 36. Kc3 Ne7 37. Ne1 Nc6 38. Nd3 Kc7 39. a3 Kd6 40. Nc5 Kc7 41. Ne4 Kd7 42. a4 f5 43.
Nc5+ Kc7 44. Nxe6+ Kd6 45. Nc5 Kc7 46. Nd3 Kd6 47.
f4 g5 48. g3 Ne7 49. Ne5 Ke6 50. Kd4 gxf4 51. gxf4 Ng8 52. Nd3 Nf6 53. Nc5+ Ke7 54. Nxb7 1-0

[Event "Early-Titled-Tuesday-Blitz-January-30-2024"]
[Site "Chess.com"]
[Date "2024.01.30"]
[Round "5"]
[White "Shuvalov"]
[Black "Trojan-Knight"]
[Result "0-1"]
[WhiteElo "2467"]
[BlackElo "2670"]
[TimeControl "180+1"]
[EndTime "8:58:06 PST"]
[Termination "Trojan-Knight won by resignation"]

1. d4 Nf6 2. c4 g6 3. Nc3 d5 4. cxd5 Nxd5 5. e4 Nxc3 6. bxc3 Bg7 7. Nf3 c5 8. Bb5+ Nc6 9. O-O O-O 10. Bxc6 bxc6 11.
Qc2 Bg4 12. Ne5 Bxe5 13. dxe5 Qc7 14. Bh6 Rfd8 15. f4 c4 16. f5 Qxe5 17. h3 Bh5 18. g4 Rd3 19. Bf4 Qxe4 20. gxh5 Rg3+ 21. Bxg3 Qxc2 22.
hxg6 hxg6 23. fxg6 fxg6 24. Be5 Rf8 25. Rxf8+ Kxf8 26. Rf1+ Ke8 27. Rf2 Qd3 28. Bd4 Qxh3 29. Rg2 Qf5 30. Rf2 Qg4+ 31. Kf1 Qh3+ 32. Ke1 g5 33. Re2 g4 34. Be5 Qh1+ 35. Kd2 Qd5+ 36. Bd4 c5 37.
Re5 Qg2+ 38. Re2 Qf3 39. Be3 g3 40. Re1 Qd5+ 41. Kc1 Qd3 42. Bxc5 Qxc3+ 43. Kd1 Qa1+ 44. Kd2 Qxa2+ 45. Ke3 Qf2+ 46. Ke4 Qxe1+ 0-1

[Event "Early-Titled-Tuesday-Blitz-January-30-2024"]
[Site "Chess.com"]
[Date "2024.01.30"]
[Round "5"]
[White "shimastream"]
[Black "KuzubovYuriy"]
[Result "0-1"]
[WhiteElo "3016"]
[BlackElo "2900"]
[TimeControl "180+1"]
[EndTime "8:58:07 PST"]
[Termination "KuzubovYuriy won by checkmate"]

1. e4 e6 2. d4 d5 3. Nc3 Bb4 4.
e5 Ne7 5. Bd2 b6 6. h4 Ba6 7. Bxa6 Nxa6 8. Qe2 Nb8 9. Nf3 h6 10. h5 Qd7 11. O-O-O Nbc6 12. g4 Na5 13. Kb1 Nc4 14. Be1 a5 15. Ka1 a4 16. a3 Ba5 17.
Rg1 Kd8 18. Na2 Bxe1 19. Nxe1 Qb5 20. Nd3 Nc6 21. Ndb4 Nxb4 22. axb4 Kc8 23. f4 Kb7 24. f5 Rhe8 25. Rgf1 f6 26. exf6 exf5 27. Qd3 gxf6 28. Rxf5 Re6 29. Qf3 Ne3 30. Rc1 Nxf5 31. Qxf5 Rae8 32.
Nc3 Qxb4 33. Qxd5+ Kb8 34. Na2 Qd6 35. Qc4 a3 36. bxa3 Qxa3 37. Qf1 Re4 38. Qd1 Re2 39. Kb1 R8e3 40. d5 Re4 41. Qd3 Qxd3 42. cxd3 Rxg4 43. Nc3 Re5 44. Ne4 f5 45. Nf6 Rg7 46. d6 cxd6 47. d4 Rb5+ 48. Ka2 Ra7# 0-1

[Event "Early-Titled-Tuesday-Blitz-January-30-2024"]
[Site "Chess.com"]
[Date "2024.01.30"]
[Round "5"]
[White "manitodeplomo"]
[Black "Orest_Vovk"]
[Result "0-1"]
[WhiteElo "2674"]
[BlackElo "2500"]
[TimeControl "180+1"]
[EndTime "8:58:07 PST"]
[Termination "Orest_Vovk won on time"]

1. d4 h6 2. e4 g5 3. h4 g4 4.
Qxg4 d5 5. Qd1 dxe4 6. Nc3 Nf6 7.
f3 exf3 8. Nxf3 Bg4 9. Bf4 Nd5 10. Be5 Nxc3 11. bxc3 Rg8 12. Rb1 Nc6 13. Bh2 Qd5 14.
Rb5 Qe4+ 15. Kf2 O-O-O 16. Bd3 Bxf3 17. Qxf3 Qxh4+ 18. Kf1 e6 19. Qxf7 Bd6 20. Rh5 Qg4 21. Bxd6 Qxg2+ 22. Ke1 Rxd6 23. Rxh6 Nd8 24. Qf2 Qxf2+ 25.
Kxf2 Rf8+ 26. Ke3 Rc6 27. c4 Ra6 28. c5 Rxa2 29. Rh7 Ra3 30. Rg7 Re8 31. Rhh7 e5 32.
Rxc7+ Kb8 33. d5 Ra5 34. Ke4 a6 35. Ke3 Ra4 36. Be4 Rd4 37. c3 Rc4 0-1

[Event "Early-Titled-Tuesday-Blitz-January-30-2024"]
[Site "Chess.com"]
[Date "2024.01.30"]
[Round "5"]
[White "SmirnovAlexandrA"]
[Black "Preobrazhenska_D2011"]
[Result "1-0"]
[WhiteElo "2599"]
[BlackElo "2380"]
[TimeControl "180+1"]
[EndTime "8:58:07 PST"]
[Termination "SmirnovAlexandrA won by resignation"]

1. e4 c5 2. Nf3 d6 3. Bc4 Nf6 4. e5 dxe5 5. Nxe5 e6 6. Qe2 Bd6 7. f4 O-O 8. b3 Nc6 9. Nxc6 bxc6 10. O-O Nd5 11. Bb2 Nxf4 12. Qg4 e5 13. Qg3 Qf6 14. Nc3 Bf5 15. Rae1 Qg6 16. Qxg6 Bxg6 17. Ne4 Bc7 18. d3 a5 19. a4 Nd5 20. Ba3 Nb4 21. Rf2 Rfe8 22.
h4 h6 23. Ref1 Re7 24. g4 Rf8 25. h5 Bxe4 26. dxe4 Rd7 27. Bc1 Bd8 28. c3 Nd3 29. Rd2 Bg5 30. Rxd3 Rxd3 31. Bxd3 Bxc1 32. Rxc1 Rd8 33.
Rd1 Kh7 34. Kf2 g6 35. hxg6+ fxg6 36. Ke3 Kg7 37. Rf1 Rd7 38. Bc4 h5 39. g5 Rc7 40.
Rf6 Kh7 41. Rf7+ Rxf7 42. Bxf7 Kg7 43. Be8 Kf8 44. Bxg6 h4 45. Kf3 Kg7 46. Be8 1-0